 Dungeon Crawl Stone Soup version 0.30-a0-758-gc2c871d025 (webtiles) character file.

Game seed: 15604904979362643972

34202 Kenran the Grappler (level 13, -1/114 HPs)
             Began as an Armataur Monk on Feb 9, 2023.
             Was a High Priest of Hepliaklqana.
             Slain by a death yak (11 damage)
             ... on level 4 of the Lair of Beasts on Feb 10, 2023.
             The game lasted 00:47:01 (14963 turns).

Kenran the Grappler (Armataur Monk)                Turns: 14963, Time: 00:47:01

Health: -1/114     AC: 17    Str: 21    XL:     13   Next: 40%
Magic:  15/19      EV: 12    Int: 12    God:    Hepliaklqana [*****.]
Gold:   782        SH:  0    Dex: 12    Spells: 12/12 levels left

rFire   + . .      SeeInvis .      - Unarmed
rCold   . . .      Faith    .    (no shield)
rNeg    . . .      Spirit   .    h - +1 chain mail {rF+}
rPois   +          Reflect  .    I - +1 helmet
rElec   .          Harm     .    y - +0 cloak
rCorr   .          Roll     +    o - +0 pair of gloves
Will    .....                    (no barding) Stlth
                                 (no amulet)
HPRegen 0.39/turn                q - ring of poison resistance
MPRegen 0.16/turn                e - +5 ring of evasion

@: no status effects
A: reduced essence, large, rugged brown scales 3, deformed body, armoured tail,
roll, long tongue, awkward tongue
a: Renounce Religion, Recall Ancestor, Ancestor Identity, Transference, Idealise


You were on level 4 of the Lair of Beasts.
You worshipped Hepliaklqana.
Hepliaklqana was extremely pleased with you.
You visited 3 branches of the dungeon, and saw 14 of its levels.
You also visited: Ossuary.

You collected 782 gold pieces.

Inventory:

Armour
 h - a +1 chain mail of fire resistance (worn)
 o - a +0 pair of gloves (worn)
 w - +0 storm dragon scales
 y - a +0 cloak (worn)
 I - a +1 helmet (worn)
Jewellery
 e - a +5 ring of evasion (right hand)
 i - a ring of willpower
 j - a ring of protection from fire
 q - a ring of poison resistance (left hand)
 B - an amulet of faith {!P}
Wands
 v - a wand of roots (41)
 C - a wand of flame (44)
 G - a wand of mindburst (10)
Scrolls
 c - 3 scrolls of amnesia
 g - 2 scrolls of fear
 k - 4 scrolls of enchant weapon
 n - 2 scrolls of teleportation
 p - 3 scrolls of immolation {unknown}
 r - 3 scrolls of blinking
 u - a scroll of enchant armour {unknown}
 H - 3 scrolls of fog {unknown}
 J - a scroll of brand weapon {unknown}
Potions
 a - 4 potions of attraction {!q}
 b - a potion of ambrosia
 d - a potion of berserk rage {unknown}
 f - 7 potions of cancellation
 l - 2 potions of haste
 m - a potion of heal wounds {@q2}
 s - 3 potions of flight
 t - a potion of invisibility {unknown}
 x - 2 potions of brilliance
 z - 2 potions of lignification {!q}
 A - a potion of curing {@q1}
 D - 3 potions of magic
 E - 2 potions of resistance
 F - a potion of might {unknown}


   Skills:
 - Level 12.0 Fighting
 * Level 10.4 Armour
 - Level 2.1 Dodging
 - Level 2.1 Stealth
 + Level 14.6 Unarmed Combat
 - Level 8.0 Invocations


You had 12 spell levels left.
You didn't know any spells.
Your spell library contained the following spells:

 Spells                   Type           Power      Damage    Failure   Level
 Shock                    Conj/Air       0%         1d3       91%         1
 Sting                    Tmut/Pois      0%         1d3       91%         1
 Poisonous Vapours        Pois/Air       0%         N/A       97%         2
 Sublimation of Blood     Necr           0%         N/A       97%         2
 Wereblood                Tmut           0%         N/A       97%         2
 Ignite Poison            Fire/Tmut/Pois 0%         N/A       99%         3
 Swiftness                Air            0%         N/A       99%         3
 Airstrike                Air            0%         2d(0-16)  100%        4
 Olgreb's Toxic Radiance  Pois           0%         N/A       100%        4
 Sticky Flame             Conj/Fire      0%         2d3       100%        4
 Summon Ice Beast         Ice/Summ       0%         N/A       100%        4
 Summon Mana Viper        Hex/Summ       0%         N/A       100%        5
 Monstrous Menagerie      Summ           0%         N/A       100%        7
 Summon Hydra             Summ           0%         N/A       100%        7
 Ignition                 Fire           0%         3d3       100%        8


Dungeon Overview and Level Annotations

Branches:
Dungeon (8/15)             Temple (1/1) D:5            Lair (5/5) D:8
  Swamp (0/4) Lair:2       Spider (0/4) Lair:3        Slime (0/5) Lair:4
Ossuary (visited)

Altars:
Ashenzari
Cheibriados
Dithmenos
Elyvilon
Fedhas
Gozag
Hepliaklqana
Kikubaaqudgha
Makhleb
Nemelex Xobeh
Okawaru
Qazlal
Ru
Sif Muna
Uskayaw
Wu Jian
Xom
Yredelemnul
Zin
Jiyva

Shops:
D:5 :

Annotations:
D:3 1 runed translucent door, toympanos's ghost, amateur HuFi
D:7 exclusion: downstairs
Lair:3 exclusion: oklob plant
Lair:4 exclusion: downstairs


Innate Abilities, Weirdness & Mutations

Your life essence is reduced to manifest your ancestor. (-10% HP)
You are completely covered in rugged brown scales. (AC +3, +7% HP)
Armour fits poorly on your strangely shaped body.
You have a long armoured tail.
You roll when moving toward enemies. (Rampage)
Your long tongue fully drains potion bottles. (2x potion effects)
Your tongue gives you trouble enunciating. (1.5x scroll delay)


Message History

The death yak gores you but does no damage.
There is a stone staircase leading up here.
You punch the death yak! You tail-slap the death yak.
The death yak is lightly wounded.
The death yak barely misses you. The death yak gores you!
You hit the death yak but do no damage.
The death yak is lightly wounded.
The death yak barely misses you. The death yak gores you!
You punch the death yak!
The death yak is moderately wounded.
You hit the death yak but do no damage. Your punch misses the death yak.
The death yak is moderately wounded.
The death yak gores you! The death yak barely misses you.
You completely miss the death yak. Your punch misses the death yak.
The death yak is moderately wounded.
The death yak gores you! x2
You are too injured to fight recklessly!
You hit the death yak.
The death yak is moderately wounded.
You punch the death yak!
The death yak is heavily wounded.
The death yak gores you!! The death yak gores you!
* * * LOW HITPOINT WARNING * * *
You barely miss the death yak.
You tail-slap the death yak, but do no damage.
The death yak is heavily wounded.
The death yak gores you!
* * * LOW HITPOINT WARNING * * *
The death yak closely misses you.
Beli-Ashared is recalled.
The death yak gores you but does no damage.
The death yak barely misses you.
Select a target.
Press: ? - help, Dir - move target The floor, spattered with blood.
You can't see anything there.
Try transferring anyway?
Nothing appears to happen.
The death yak gores you.
* * * LOW HITPOINT WARNING * * *
The death yak gores you!
You die...

#P.......###....## ###
##...⌠.<.⌠#.......# #..
#.........##!###.## #..
#...#....##### #.# #..
#.#.###.##)# #.# ##.
##.###.....## #.######.
#P..#...⌠...## ##.##...#.
##.#.........###..#......
##..⌠..@Y.⌠..###........
##......RY..............§
##.......⌠.......#.....Y..
#...........#.....#....... ###
##..⌠..#........⌠...#......
##P####......#..⌠...#.(...#.....#
P.....#.....##.....##.....S#...##
#...###.....##.....##.....##..##.
P.### ##..+###.....##...+##......


You could see the friendly Beli-Ashared the battlemage and 2 death yaks.

Vanquished Creatures
  3 hydras
  A two-headed ogre (D:8)
  Amaemon (Lair:3)
  Pikel (D:6)
  3 black mambas
  17 elephants
  5 cane toads
  A rime drake (Lair:5)
  2 komodo dragons
  2 polar bears
  A tarantella (Lair:3)
  Prince Ribbit (D:6)
  6 blink frogs
  Eustachio (D:5)
  2 wyverns
  19 yaks
  A basilisk (Lair:4)
  A swamp worm (Lair:2)
  6 water moccasins
  2 orc warriors
  4 ice beasts (D:6)
  2 black bears
  A sky beast (D:6)
  6 wolves
  A centaur (D:5)
  2 ogres
  3 phantoms
  2 necrophages
  6 bullfrogs
  3 scorpions
  A howler monkey (D:8)
  2 centaur zombies (Ossuary)
  3 hounds
  A human zombie (Ossuary)
  An orc priest (D:6)
  5 iguanas
  Natasha (twice) (D:2)
  An orc wizard (D:5)
  5 hell rats (Lair:1)
  5 mummies
  8 adders
  3 gnolls (D:7)
  A white imp (D:6)
  5 worms
  2 dart slugs
  14 orcs
  11 endoplasms
  6 giant cockroaches
  6 goblins
  7 hobgoblins
  4 jackals (D:1)
  5 quokkas
  6 ball pythons
  3 bats
  A frilled lizard (D:1)
  A hobgoblin zombie (Ossuary)
  6 kobolds
  2 kobold zombies (Ossuary)
  An orc zombie (Ossuary)
  6 rats
230 creatures vanquished.

Vanquished Creatures (collateral kills)
  A hydra (Lair:5)
  A catoblepas (Lair:5)
  A boulder beetle (Lair:5)
  2 death yaks (Lair:5)
  A pharaoh ant (Lair:3)
  5 elephants
  An orange demon (Lair:3)
  4 cane toads
  3 komodo dragons
  A tyrant leech (Lair:2)
  5 blink frogs
  A tarantella (Lair:3)
  8 yaks
  A basilisk (Lair:2)
  Grum (D:8)
  10 water moccasins
  An orc warrior (D:6)
  An ogre (D:6)
  8 wolves
  A centaur (D:7)
  A phantom (D:6)
  4 bullfrogs
  A necrophage (D:6)
  A howler monkey (D:8)
  3 jellies
  A gnoll bouda (D:7)
  An orc priest (D:7)
  2 hell rats (Lair:1)
  4 orc wizards
  A mummy (Ossuary)
  2 gnolls (D:7)
  An ufetubus (D:7)
  3 orcs
  A kobold zombie (Ossuary)
83 creatures vanquished.

Vanquished Creatures (others)
  12 battlemagi
  21 fungi
  34 plants
67 creatures vanquished.

Grand Total: 380 creatures vanquished

Notes
Turn   | Place    | Note
-------+----------+-------------------------------------------
     0 | D:1      | Kenran the Armataur Monk began the quest for the Orb.
     0 | D:1      | Reached XP level 1. HP: 19/19 MP: 1/1
    67 | D:1      | Reached skill level 3 in Unarmed Combat
    76 | D:1      | Reached XP level 2. HP: 17/27 MP: 2/2
   735 | D:2      | Reached XP level 3. HP: 20/33 MP: 3/3
   799 | D:2      | Reached skill level 4 in Unarmed Combat
   872 | D:2      | Reached skill level 1 in Armour
   903 | D:2      | Noticed Natasha
   914 | D:2      | Killed Natasha
   915 | D:2      | Reached XP level 4. HP: 27/40 MP: 4/4
  1109 | D:2      | Found a basalt altar of Yredelemnul.
  1174 | D:2      | Identified the +1 robe "Vutufumu" {Harm MP+9}
  1395 | D:2      | Noticed Natasha
  1402 | D:2      | Killed Natasha
  1826 | D:3      | Reached XP level 5. HP: 46/48 MP: 5/5
  1866 | D:3      | Noticed toympanos's ghost (amateur HuFi)
  1873 | D:3      | Found a runed translucent door.
  1902 | D:3      | Found a sparkling altar of Nemelex Xobeh.
  2104 | D:3      | Reached skill level 5 in Unarmed Combat
  2605 | D:4      | Identified the +2 pair of boots "Cigaymp" {rElec Int+5}
  2631 | D:4      | Noticed a phantom
  2665 | D:4      | Killed a phantom
  2820 | D:4      | Reached XP level 6. HP: 55/55 MP: 6/6
  3324 | D:5      | Entered Level 5 of the Dungeon
  3333 | D:4      | Reached skill level 6 in Unarmed Combat
  3468 | D:5      | Reached XP level 7. HP: 34/63 MP: 7/7
  3723 | D:5      | Reached skill level 7 in Unarmed Combat
  4006 | D:5      | Found Yxtoum's Tremendous Tomes.
  4056 | D:5      | Found a staircase to the Ecumenical Temple.
  4149 | D:5      | Reached skill level 5 in Fighting
  4153 | Temple   | Entered the Ecumenical Temple
  4178 | Temple   | Became a worshipper of Hepliaklqana the Forgotten
  4178 | Temple   | Reached * piety under Hepliaklqana
  4178 | Temple   | Reached ** piety under Hepliaklqana
  4706 | D:5      | Noticed Eustachio
  4726 | D:5      | Killed Eustachio
  4727 | D:5      | Reached XP level 8. HP: 63/66 MP: 8/8
  5105 | D:6      | Remembered your ancestor Beli-Ashared as a battlemage
  5229 | D:6      | Found a blossoming altar of Fedhas.
  5398 | D:6      | Reached skill level 5 in Armour
  5403 | D:6      | Reached skill level 8 in Unarmed Combat
  5440 | D:6      | Reached XP level 9. HP: 16/75 MP: 9/9
  5659 | D:6      | Noticed Prince Ribbit
  5664 | D:6      | Killed Prince Ribbit
  5671 | D:6      | Reached skill level 9 in Unarmed Combat
  5844 | D:6      | Noticed Pikel
  5858 | D:6      | Killed Pikel
  5864 | D:6      | Reached skill level 10 in Unarmed Combat
  5963 | D:6      | Reached skill level 1 in Invocations
  6046 | D:6      | Found an iron altar of Okawaru.
  6100 | D:6      | Found a broken altar of Ashenzari.
  6710 | D:7      | Identified the +6 war axe "Ososs" {flame, Drain rN+++
                  | Str+4}
  6733 | D:7      | Found a sand-covered staircase.
  6742 | Ossuary  | Entered an ossuary
  7082 | D:7      | Reached *** piety under Hepliaklqana
  7379 | D:7      | Reached XP level 10. HP: 85/85 MP: 12/12
  7555 | D:8      | Noticed a two-headed ogre
  7630 | D:8      | Noticed Grum
  7773 | D:8      | Killed Grum
  7788 | D:8      | Killed a two-headed ogre
  7789 | D:8      | Reached skill level 11 in Unarmed Combat
  7871 | D:8      | Found a staircase to the Lair.
  7903 | D:8      | Noticed a two-headed ogre
  7906 | Lair:1   | Entered Level 1 of the Lair of Beasts
  8065 | Lair:1   | You fall into a shaft and drop 1 floor!
  8111 | Lair:2   | Noticed a cane toad
  8118 | Lair:2   | Killed a cane toad
  8193 | Lair:1   | Reached **** piety under Hepliaklqana
  8199 | Lair:1   | Noticed a cane toad
  8316 | Lair:1   | Killed a cane toad
  8470 | Lair:1   | Reached skill level 5 in Invocations
  8731 | Lair:1   | Reached XP level 11. HP: 92/92 MP: 14/14
  9477 | Lair:2   | Reached skill level 12 in Unarmed Combat
  9737 | Lair:2   | Found a staircase to the Swamp.
  9994 | Lair:3   | Noticed Amaemon
 10329 | Lair:3   | Noticed an oklob plant
 10363 | Lair:3   | Found a hole to the Spider Nest.
 10363 | Lair:3   | Noticed a pharaoh ant
 10371 | Lair:3   | Killed a pharaoh ant
 10397 | Lair:3   | Upgraded the game from 0.30-a0-755-g0b50240ab4 to
                  | 0.30-a0-758-gc2c871d025
 10592 | Lair:3   | Reached skill level 13 in Unarmed Combat
 10636 | Lair:3   | Killed Amaemon
 10637 | Lair:3   | Reached XP level 12. HP: 102/102 MP: 17/17
 10768 | Lair:3   | Reached skill level 10 in Fighting
 11689 | Lair:4   | Noticed a seven-headed hydra
 11699 | Lair:4   | Killed a seven-headed hydra
 12090 | Lair:4   | Reached ***** piety under Hepliaklqana
 12128 | Lair:4   | Noticed a six-headed hydra
 12145 | Lair:4   | Killed a six-headed hydra
 12591 | Lair:4   | Found a viscous altar of Jiyva.
 12592 | Lair:4   | Found a staircase to the Slime Pits.
 12942 | Lair:5   | Entered Level 5 of the Lair of Beasts
 12953 | Lair:5   | Noticed a death yak
 12954 | Lair:5   | Noticed a death yak
 12954 | Lair:5   | Noticed a death yak
 12956 | Lair:5   | Noticed a death yak
 13481 | Lair:5   | Noticed a five-headed hydra
 13489 | Lair:5   | Killed a five-headed hydra
 13534 | Lair:5   | Reached skill level 10 in Armour
 13575 | Lair:5   | Noticed a seven-headed hydra
 13586 | Lair:5   | Killed a seven-headed hydra
 13587 | Lair:5   | Reached XP level 13. HP: 56/112 MP: 19/19
 14266 | Lair:5   | Reached skill level 14 in Unarmed Combat
 14324 | Lair:5   | Noticed a dire elephant
 14710 | Lair:4   | HP: 4/114 [death yak (11)]
 14963 | Lair:4   | Slain by a death yak

Illustrated notes

Levels and vault maps discovered:
D:1:      ncdulo_watergridlock, layout_rooms, serial_rivers,
          chequers_serial_rivers_large_a, chequers_serial_rivers_marsh,
          chequers_serial_rivers_large_b, chequers_serial_rivers_micro_b
D:2:      layout_loops_ring, basic_altar, hex_medium,
          nicolae_kite_square_tiling_tiny, uniq_natasha
D:3:      layout_loops_corners, nemelex_xobeh_ov_fountains_minmay,
          hellmonk_ghost_happy_afterlife, chequers_garden
D:4:      layout_basic
D:5:      layout_layer_cave, minmay_temple_entry_nine_rooms,
          nicolae_shop_i_like_big_books, uniq_eustachio
D:6:      minmay_recursive_quarters, layout_loops_ring, marbit_many_paths,
          evilmike_ruin_ashenzari, old_standard_altar, uniq_pikel,
          uniq_prince_ribbit1
D:7:      layout_basic, gup_ossuary_entry_pyramid
D:8:      cheibrodos_quashed, layout_rooms, vehumet_statue,
          nicolae_tso_carved_into_rock, uniq_grum
Temple:   hellmonk_temple_two_chambers
Lair:1:   layout_small_grid, st_stairs_6, fungi_pond_lemuel
Lair:2:   layout_misc_corridors, minmay_swamp_entry_worms
Lair:3:   layout_concentric_octagons, nicolae_spider_entry_lesser_pyramids,
          st_stairs_10, dpeg_oklob_1, grunt_megastairs_5,
          infiniplex_staircase_pool, uniq_amaemon
Lair:4:   layout_loops_ring, slime_entry_1, grunt_megastairs_3
Lair:5:   hangedman_lair_in_review, layout_concentric_octagons

Skill      XL: |  1  2  3  4  5  6  7  8  9 10 11 12 13 |
---------------+----------------------------------------+-----
Unarmed Combat | 3 4 5 6 7 8 10 11 13 14 | 14.6
Fighting       | 3 4 5 6 8 9 11 12 | 12.0
Armour         | 2 3 5 7 8 10 | 10.4
Invocations    | 3 5 7 8 |  8.0
Dodging        | |  2.1
Stealth        | |  2.1

Action                     |  1- 3 |  4- 6 |  7- 9 | 10-12 | 13-15 || total
---------------------------+-------+-------+-------+-------+-------++-------
  Melee: Unarmed           |   111 |   143 |   268 |   418 |   119 ||  1059
         Tailslap          |    16 |    16 |    38 |    78 |    32 ||   180
         Punch             |       |     3 |    16 |    40 |    11 ||    70
 Invoke: Ancestor Life: Ba |       |       |     1 |       |       ||     1
         Recall Ancestor   |       |       |       |     2 |     2 ||     4
         Ancestor Identity |       |       |       |     1 |       ||     1
         Idealise          |       |       |       |     1 |       ||     1
         Transference      |       |       |       |       |     1 ||     1
    Use: Scroll            |       |     5 |     4 |     6 |     3 ||    18
         Potion            |       |       |     2 |     5 |     3 ||    10
   Stab: Distracted        |       |       |     4 |     9 |     2 ||    15
 Armour: Ring mail         |    12 |       |       |       |       ||    12
         Chain mail        |    37 |    51 |   105 |   219 |    54 ||   466
         Skin              |       |       |       |     3 |       ||     3
  Dodge: Dodged            |    38 |    28 |   114 |   224 |    75 ||   479

Table legend: (Time is in decaauts)
 A = Elapsed time spent in this place.
 B = Non-inter-level travel time spent in this place.
 C = Inter-level travel time spent in this place.
 D = Time resting spent in this place.
 E = Time spent auto-exploring this place.
 F = Levels seen in this place.
 G = Mean time per level.
                   A        B        C        D        E       F      G
               +--------+--------+--------+--------+--------+-----+--------+
         Total |  14776 |  14294 |    482 |   3612 |   6796 |  15 |  985.1 |
       Dungeon |   7578 |   7278 |    300 |   1007 |   4215 |   8 |  947.2 |
        Temple |     31 |     31 |      0 |      0 |      0 |   1 |   31.0 |
          Lair |   6930 |   6748 |    182 |   2567 |   2557 |   5 | 1386.0 |
       Ossuary |    235 |    235 |      0 |     38 |     24 |   1 |  235.0 |
               +--------+--------+--------+--------+--------+-----+--------+

Top non-repeatable levels by time:
  Lair:4: 1673 daAuts
     D:5: 1609 daAuts
  Lair:3: 1500 daAuts
  Lair:5: 1343 daAuts
  Lair:1: 1332 daAuts
     D:6: 1329 daAuts
  Lair:2: 1080 daAuts
     D:7: 992 daAuts
     D:3: 943 daAuts
     D:4: 924 daAuts
     D:2: 874 daAuts
     D:1: 697 daAuts
 Ossuary: 235 daAuts
     D:8: 207 daAuts
  Temple: 31 daAuts
